 Dungeon Crawl Stone Soup version 0.29.0-4-gdea44cf6ec (webtiles) character file.

Game seed: 14991141295944815633

40 qw the Chopper (level 3, 0/21 HPs)
             Began as a Tengu Warper on Aug 28, 2022.
             Slain by an adder (1 damage)
             ... on level 2 of the Dungeon.
             The game lasted 00:00:09 (1925 turns).

qw the Chopper (Tengu Warper)                       Turns: 1925, Time: 00:00:09

Health: 0/21       AC:  5    Str: 13    XL:     3   Next: 50%
Magic:  7/7        EV: 11    Int: 13    God:
Gold:   47         SH:  0    Dex: 13    Spells: 6/6 levels left

rFire   . . .      SeeInvis .   Y - +0 hand axe
rCold   . . .      Faith    .   (no shield)
rNeg    . . .      Spirit   .   i - +0 ring mail
rPois   .          Reflect  .   (helmet restricted)
rElec   .          Harm     .   (no cloak)
rCorr   +          Rampage  .   (no gloves)
Will    .....                   (boots unavailable)
Stlth   +.........              (no amulet)
HPRegen 0.07/turn               e - ring of resist corrosion
MPRegen 0.10/turn               (no ring)

@: lethally poisoned (0 -> -3)
A: beak, talons 3
a: no special abilities


You were on level 2 of the Dungeon.
You visited 1 branch of the dungeon, and saw 2 of its levels.

You collected 47 gold pieces.


Innate Abilities, Weirdness & Mutations

You have a beak for a mouth.
You have claws for feet.


   Skills:
 - Level 2.0 Fighting
 + Level 4.2 Axes
 - Level 1.0 Throwing
 - Level 1.1 Armour
 - Level 2.1 Dodging
 - Level 2.0 Spellcasting
 - Level 2.4 Translocations


You had 6 spell levels left.
You didn't know any spells.
Your spell library contained the following spells:

 Spells                   Type           Power      Damage    Failure   Level
 Blink                    Tloc           14%        N/A       30%         2
 Gell's Gravitas          Tloc           7%         N/A       52%         3
 Lesser Beckoning         Tloc           7%         N/A       52%         3
 Teleport Other           Tloc           7%         N/A       52%         3
 Manifold Assault         Tloc           7%         N/A       99%         5

Inventory:

Hand Weapons
 d - a +0 whip
 Y - a +0 hand axe (weapon)
Armour
 b - a +0 pair of gloves
 i - a +0 ring mail (worn)
Jewellery
 e - a ring of resist corrosion (left hand)
Scrolls
 a - 2 scrolls of identify
 c - a scroll of teleportation {unknown}
Potions
 f - 2 potions of curing {unknown}
 g - a potion of haste {unknown}

Dungeon Overview and Level Annotations

Branches:
Dungeon (2/15)

Altars:

Shops:
D:1 !


Message History

You hit the worm.
You kill the worm!
You start resting.
HP restored.
You see here a worm corpse.
An adder comes into view.
You miss the adder. The adder misses you.
You closely miss the adder. You peck the adder.
The adder is moderately wounded.
The adder bites you but does no damage.
You closely miss the adder. Your kick misses the adder.
The adder is moderately wounded.
The adder bites you.
You are poisoned.
The adder poisons you! The adder bites you but does no damage.
You hit the adder. You claw the adder.
The adder is almost dead.
You feel sick. The adder bites you.
You barely miss the adder. Your kick misses the adder.
The adder is almost dead.
You feel sick. The adder bites you.
You are more poisoned.
The adder poisons you!
You closely miss the adder. Your kick misses the adder.
The adder is almost dead.
You feel sick. The adder closely misses you.
The adder bites you but does no damage.
You barely miss the adder. Your kick misses the adder.
Your peck misses the adder.
The adder is almost dead.
You feel sick. The adder bites you.
You closely miss the adder. Your kick misses the adder.
Your peck misses the adder.
The adder is almost dead.
You feel sick. The adder bites you. The adder closely misses you.
You miss the adder. Your kick misses the adder. Your peck misses the adder.
The adder is severely wounded.
You feel sick. The adder bites you.
You die...

.# .# .# .#
##.######
#...$....
######........
#.....@S......
#....#........
#....#........
#....#........
#%#############
#.#............
#...#####.....#
#>.## #.....#
#.## #.....#


You could see an adder.

Vanquished Creatures
  A worm (D:2)
  3 dart slugs (D:1)
  3 bats
  4 endoplasms (D:1)
  A giant cockroach (D:1)
  A goblin (D:1)
  2 hobgoblins
  A quokka (D:1)
  4 ball pythons
  5 kobolds
  2 rats (D:2)
27 creatures vanquished.

Notes
Turn   | Place    | Note
-------+----------+-------------------------------------------
     0 | D:1      | qw the Tengu Warper began the quest for the Orb.
     0 | D:1      | Reached XP level 1. HP: 12/12 MP: 4/4
     0 | D:1      | 0 ||| qw: Version: 0.1-a-89-g26bdef1
     0 | D:1      | 0 ||| qw: Game counter: 3194
     0 | D:1      | 0 ||| qw: Always use a shield: true
     0 | D:1      | 0 ||| qw: God list: Okawaru
     0 | D:1      | 0 ||| qw: Allow faded altars: false
     0 | D:1      | 0 ||| qw: Do Orc after D:15 true
     0 | D:1      | 0 ||| qw: Do second Lair branch before Depths: true
     0 | D:1      | 0 ||| qw: Lair rune preference: random
     0 | D:1      | 0 ||| qw: Plans: Normal
     0 | D:1      | 0 ||| PLANNING D:1-11
    43 | D:1      | HP: 2/12 [dart slug (2)]
   319 | D:1      | 319 ||| Stepping ~*~*~tactically~*~*~ (hiding).
   329 | D:1      | Reached skill level 3 in Axes
   329 | D:1      | Reached XP level 2. HP: 11/17 MP: 6/6
   761 | D:1      | Reached XP level 3. HP: 16/21 MP: 7/7
  1051 | D:1      | Found Fetsur's Distillery.
  1074 | D:1      | 1074 ||| SHOPLISTING potion of curing (33 gold, have 29).
  1074 | D:1      | 1074 ||| SHOPLISTING potion of haste (110 gold, have 29).
  1285 | D:1      | 1285 ||| UPGRADING to +0 ring mail.
  1295 | D:1      | 1295 ||| DROPPING +0 leather armour.
  1296 | D:1      | 1296 ||| UPGRADING to ring of resist corrosion.
  1297 | D:1      | 1297 ||| READING 2 scrolls labelled RAINYCLUBA.
  1298 | D:1      | 1298 ||| READING scroll labelled TEAPPUSAIC.
  1299 | D:1      | 1299 ||| READING scroll labelled XES HECKEOBOU.
  1300 | D:1      | 1300 ||| READING scroll labelled JEOROD BAQOIH.
  1301 | D:1      | 1301 ||| DRINKING 2 fizzy cyan potions.
  1302 | D:1      | 1302 ||| DROPPING scroll of blinking.
  1303 | D:1      | 1303 ||| DROPPING potion of attraction.
  1304 | D:1      | 1304 ||| Stepping randomly (stuck).
  1305 | D:1      | 1305 ||| Stepping ~*~*~tactically~*~*~ (cloud).
  1594 | D:2      | Reached skill level 4 in Axes
  1663 | D:2      | 1663 ||| Stepping ~*~*~tactically~*~*~ (stealth).
  1666 | D:2      | 1666 ||| Stepping ~*~*~tactically~*~*~ (stealth).
  1924 | D:2      | HP: 5/21 [poisoned by an adder]
  1924 | D:2      | HP: 2/21 [adder (3)]
  1925 | D:2      | Slain by an adder

Levels and vault maps discovered:
D:1:      elethiomel_arrival_shortcut, layout_basic, serial_shops, shop,
          hangedman_decor_lopped
D:2:      layout_basic

Skill      XL: |  1  2  3 |
---------------+----------+-----
Axes           | 3 4 |  4.2
Fighting       | |  2.0
Throwing       | |  1.0
Armour         | |  1.1
Dodging        | |  2.1
Spellcasting   | |  2.0
Translocations | |  2.4

Action                   || total
-------------------------++-------
Melee: Hand axe          ||    69
       Kick              ||    22
       Peck              ||     8
Throw: Boomerang         ||     7
  Use: Scroll            ||     4
       Potion            ||     1
Armor: Leather armour    ||     8
       Ring mail         ||    14
Dodge: Dodged            ||    39

Table legend:
 A = Non-vault XP
 B = Vault XP
 C = Vault XP percentage of total XP
 D = Non-vault monster count
 E = Vault monster count
 F = Vault count percentage of total count
                 A         B        C        D         E       F
            +---------+---------+-------+---------+---------+-------
      Total |      58 |       0 |   0.0 |      27 |       0 |   0.0
            +---------+---------+-------+---------+---------+-------
        D:1 |      43 |       0 |   0.0 |      20 |       0 |   0.0
        D:2 |      15 |       0 |   0.0 |       7 |       0 |   0.0
            +---------+---------+-------+---------+---------+-------
